Map: 여명 - 래더

Players

AcerBly

  • Race: Zerg Zerg
  • Spawn Location: 7:00

TYTY (TY) - Winner!

  • Race: Terran Terran
  • League: Diamond
  • Spawn Location: 1:00

VOD

Have the link to the VOD?

Description

Time

  • Played on: Nov. 27, 2016, 5:43 a.m.
  • Length: 12:13
Show
View Real Time Build Order
Export as new Build Order

AcerBly Zerg 

Build Orders: Hatch First 

Get SALT Encoding   

  12  0:01  Drone  
  13  0:13  Overlord  
  13  0:19  Drone  
  14  0:32  Drone x2  
  16  0:36  Drone  
  17  0:52  Hatchery  
  16  0:58  Drone  
  16  1:00  Drone  
  16  1:03  Extractor  
  17  1:15  Spawning Pool  
  16  1:18  Drone  
  16  1:24  Drone  
  18  1:29  Drone  
  19  1:42  Overlord  
  19  2:04  Queen  
  19  2:05  Roach Warren  
  19  2:06  Queen  
  19  2:07  Zergling x4  
  24  2:11  Zergling x2  
  25  2:18  Metabolic Boost  
  25  2:20  Drone x2  
  28  2:25  Drone  
  29  2:31  Drone  
  29  2:41  Drone  
  29  2:44  Overlord  
  30  2:47  Queen  
  32  2:53  Overlord  
  32  3:03  Zergling x6  
  37  3:18  Drone x3  
  38  3:20  Roach Warren  
  38  3:26  Drone x2  
  38  3:27  Drone x3  
  42  3:35  Overlord  
  42  3:43  Overlord  
  42  3:44  Overlord  
  42  3:45  Extractor  
  40  4:08  Roach x8  
  56  4:20  Overlord  
  56  4:21  Zergling x4  
  58  4:27  Zergling x2  
  59  4:35  Zergling x10  
  59  4:36  Zergling x4  
  68  4:45  Ravager x2  
  68  4:46  Overlord  
  68  4:47  Zergling x2  
  69  4:53  Zergling x2  
  67  5:00  Zergling x2  
  67  5:01  Zergling x2  
  67  5:05  Ravager  
  70  5:08  Zergling x6  
  70  5:09  Zergling x2  
  70  5:13  Zergling x6  
  77  5:21  Zergling x2  
  66  5:43  Zergling x4  
  66  5:44  Zergling x8  
  66  5:52  Zergling x6  
  52  6:06  Hatchery, Drone x3  
  52  6:08  Drone x3  
  53  6:13  Drone  
  53  6:15  Drone  
  52  6:20  Drone  
  52  6:24  Drone  
  52  6:30  Drone x3  
  54  6:38  Roach x2, Extractor  
  54  6:39  Roach  
  59  6:41  Roach x2  
  59  6:45  Queen x2  
  67  6:58  Roach x5  
  67  6:59  Overlord  
  74  7:07  Drone x3  
  74  7:10  Extractor  
  73  7:16  Ravager x3  
  73  7:17  Overlord  
  76  7:28  Ravager x3  
  79  7:31  Drone x8  
  79  7:32  Drone x2  
  89  7:39  Lair  
  89  7:46  Zergling x2  
  89  7:47  Zergling x6  
  93  7:57  Evolution Chamber  
  93  7:58  Evolution Chamber  
  91  8:00  Zergling x2  
  91  8:01  Zergling x12  
  82  8:20  Roach x8  
  82  8:21  Overlord  
  82  8:25  Drone x3  
  82  8:35  Drone x2  
  82  8:38  Zerg Missile Weapons Level 1  
  82  8:41  Hydralisk Den  
  82  8:43  Infestation Pit, Drone x2  
  82  8:45  Drone  
  82  8:48  Drone  
  84  8:50  Drone  
  84  8:51  Drone  
  88  9:05  Overlord  
  88  9:08  Queen  
  88  9:19  Drone x3  
  88  9:20  Drone x10  
  101  9:24  Hive  
  101  9:28  Drone  
  89  9:57  Drone x6  
  89  9:58  Drone x5  
  100  10:02  Grooved Spines  
  100  10:06  Extractor  
  99  10:10  Hatchery, Extractor  
  97  10:16  Drone  
  97  10:17  Drone x10  
  108  10:29  Overlord  
  108  10:47  Viper x4  
  108  10:49  Overlord x6  
  120  11:00  Hatchery  
  119  11:07  Roach x5  
  119  11:08  Overlord  
  127  11:24  Hydralisk x3  
  127  11:25  Hydralisk x7  
  103  11:40  Hydralisk  
  95  11:49  Hydralisk x2  
Show
View Real Time Build Order
Export as new Build Order

TYTY Terran - Winner!

Build Orders: Mech 

Get SALT Encoding   

  12  0:00  SCV  
  13  0:12  SCV  
  14  0:17  Supply Depot  
  15  0:35  SCV  
  15  0:42  Barracks  
  15  0:43  Refinery  
  15  0:47  SCV  
  16  0:59  SCV  
  16  1:03  Barracks  
  17  1:11  SCV  
  19  1:28  Orbital Command  
  19  1:29  Reaper  
  19  1:36  Supply Depot  
  19  1:50  Reaper  
  20  1:55  SCV  
  21  2:04  Reaper  
  21  2:07  SCV  
  23  2:16  Command Center  
  23  2:19  SCV  
  24  2:23  Reaper  
  25  2:31  SCV  
  26  2:41  Reaper  
  26  2:43  SCV  
  28  2:52  Command Center  
  28  3:00  SCV  
  28  3:03  Refinery  
  31  3:15  Marine  
  31  3:18  Marine  
  31  3:21  Factory  
  31  3:27  SCV  
  31  3:28  Orbital Command  
  31  3:34  Barracks Reactor  
  32  3:38  Marine  
  32  3:39  SCV  
  34  3:51  SCV  
  34  3:54  SCV  
  36  3:56  Marine  
  36  4:01  Factory  
  37  4:03  SCV  
  37  4:06  SCV  
  37  4:08  Orbital Command  
  39  4:15  Barracks Tech Lab  
  39  4:16  Hellion x2, SCV  
  44  4:18  SCV  
  44  4:20  Barracks Tech Lab  
  45  4:28  SCV  
  45  4:30  SCV  
  47  4:36  SCV  
  52  4:38  Hellion x2  
  52  4:40  Refinery, SCV  
  52  4:42  Refinery  
  52  4:45  Armory  
  53  4:48  SCV  
  53  4:52  Hellion  
  56  4:53  SCV  
  56  4:54  Supply Depot  
  57  5:00  SCV x2  
  59  5:09  SCV  
  59  5:10  Supply Depot  
  60  5:15  SCV  
  60  5:16  Cyclone x2, SCV  
  60  5:20  Hellion  
  69  5:26  Bunker, SCV  
  69  5:31  SCV  
  70  5:40  SCV x2  
  66  5:45  Cyclone  
  66  5:48  Cyclone  
  66  5:49  Hellion  
  60  5:51  SCV  
  60  5:52  SCV  
  60  5:54  SCV  
  60  6:03  SCV  
  55  6:04  SCV  
  55  6:06  SCV  
  55  6:10  Hellion  
  59  6:14  Unknown  
  59  6:15  SCV  
  59  6:16  SCV  
  59  6:17  Cyclone  
  64  6:18  SCV  
  64  6:21  Supply Depot  
  64  6:27  SCV  
  64  6:28  Hellion, SCV  
  64  6:30  SCV  
  64  6:32  Infernal Pre-Igniter  
  69  6:39  Terran Vehicle And Ship Armor Level 1  
  69  6:42  SCV  
  69  6:46  SCV x2  
  72  6:49  Hellion, Supply Depot  
  72  6:50  Hellion  
  76  6:57  SCV  
  76  6:58  SCV  
  76  7:00  Supply Depot  
  76  7:09  Supply Depot  
  76  7:10  SCV  
  76  7:11  Cyclone  
  76  7:15  SCV  
  81  7:17  Orbital Command  
  81  7:20  Hellion  
  81  7:22  Siege Tank, SCV  
  84  7:25  Factory  
  84  7:27  SCV  
  86  7:39  SCV  
  86  7:40  Supply Depot, SCV  
  89  7:44  Hellion  
  89  7:45  Hellion, SCV  
  92  7:52  SCV x2  
  92  7:54  Siege Tank  
  92  7:55  Factory  
  92  7:56  Factory  
  92  7:58  SCV  
  98  8:00  Supply Depot  
  98  8:04  SCV x2  
  102  8:06  Hellion  
  102  8:10  SCV  
  102  8:11  Factory Tech Lab  
  102  8:12  Hellion  
  104  8:16  SCV x2  
  101  8:22  SCV  
  101  8:26  Siege Tank  
  99  8:29  Siege Tank  
  99  8:30  Hellion  
  99  8:33  SCV x2  
  99  8:34  Hellion  
  95  8:38  Starport  
  95  8:40  Refinery  
  92  8:41  Refinery  
  92  8:45  Factory Reactor, Factory Tech Lab  
  90  8:50  SCV x3  
  90  8:51  Hellion  
  90  8:55  Hellion  
  100  9:11  Terran Vehicle Weapons Level 1  
  100  9:12  Command Center, SCV  
  100  9:13  SCV  
  100  9:16  Hellion  
  104  9:17  Starport Reactor  
  104  9:24  Cyclone x3, Supply Depot  
  104  9:26  Hellion, Supply Depot x2  
  104  9:27  Hellion x2  
  104  9:28  Armory  
  104  9:30  SCV  
  117  9:37  Supply Depot x2  
  117  9:44  SCV x2  
  115  9:48  Cyclone x2  
  122  9:56  Medivac  
  122  9:57  Medivac  
  126  10:02  Cyclone x3  
  126  10:11  Refinery x2, Hellion x2  
  130  10:15  Command Center  
  130  10:19  SCV x2  
  130  10:20  Hellion  
  134  10:26  Medivac  
  134  10:27  Medivac  
  143  10:41  Hellion  
  141  10:42  Cyclone  
  141  10:43  Cyclone x3  
  150  10:50  Factory Reactor  
  150  10:52  Orbital Command  
  150  10:54  Cyclone, Engineering Bay  
  150  10:56  Supply Depot  
  153  10:58  Supply Depot  
  153  11:03  Cyclone  
  156  11:04  SCV x2  
  158  11:15  Cyclone x2  
  160  11:20  Cyclone x2  
  160  11:22  SCV x4  
  167  11:27  Hellion x2  
  163  11:35  Hellion  
  163  11:39  Cyclone  
  161  11:40  SCV x4  
  160  11:47  Hellion  
  160  11:52  SCV x4  
Tags
 
Composition
Mech
League
Diamond
Matchup
TvZ
Player
TY
Spawn Locations
Cross Positions
Add a new tag
Caveats
  • Supply blocks, unpowered buildings, or Contaminate may cause inaccurate times.
  • Supply counts are checked every 10 seconds.